Map: Lerilak Crest

Players

SticklerMac

  • Race: Zerg Zerg
  • League: Bronze

Pained - Winner!

  • Race: Terran Terran
  • League: Silver

VOD

Have the link to the VOD?

Description

Time

  • Played on: Aug. 10, 2015, 8:31 p.m.
  • Length: 8:57
Show
View Real Time Build Order
Export as new Build Order

SticklerMac Zerg 

Build Orders: Hatch First 

Get SALT Encoding   

  12  0:01  Drone  
  13  0:12  Drone  
  14  0:16  Overlord  
  14  0:35  Drone x3  
  17  0:56  Hatchery  
  16  1:00  Drone  
  16  1:01  Drone  
  18  1:08  Drone  
  19  1:19  Spawning Pool  
  19  1:24  Drone, Extractor  
  18  1:29  Drone  
  19  1:41  Drone  
  20  1:53  Drone  
  21  2:02  Drone  
  21  2:07  Queen  
  24  2:08  Queen  
  24  2:13  Drone  
  28  2:20  Overlord  
  27  2:32  Drone  
  28  2:37  Overlord  
  28  2:39  Hatchery  
  28  2:40  Drone  
  28  3:00  Drone x4  
  32  3:10  Drone x2  
  34  3:20  Metabolic Boost  
  34  3:30  Zergling x4  
  34  3:31  Zergling x12  
  34  3:32  Zergling x4  
  44  3:40  Overlord  
  44  3:42  Overlord  
  44  4:14  Zergling x26  
  44  4:15  Zergling x2  
  58  4:23  Baneling Nest, Drone x2  
  59  4:29  Zergling x2  
  60  4:31  Overlord  
  60  4:33  Overlord x2  
  60  4:40  Zergling x6  
  63  4:45  Overlord  
  63  4:47  Overlord  
  62  4:59  Spore Crawler  
  61  5:05  Spore Crawler  
  60  5:07  Spore Crawler  
  60  5:08  Spore Crawler x2  
  60  5:10  Spore Crawler x2  
  60  5:13  Spore Crawler  
  54  5:17  Spore Crawler  
  54  5:26  Zergling x2  
  54  5:27  Zergling x8  
  59  5:31  Zergling x2  
  59  5:33  Zergling x2  
  59  5:35  Zergling x2  
  62  5:40  Zergling x4  
  64  5:45  Zergling x2  
  64  5:46  Zergling x2  
  64  5:49  Drone  
  67  5:56  Baneling x4  
  63  5:57  Baneling  
  63  5:58  Baneling  
  63  5:59  Baneling  
  63  6:01  Baneling  
  63  6:02  Baneling  
  63  6:13  Baneling  
  63  6:14  Baneling x5  
  63  6:15  Baneling x2  
  63  6:16  Baneling  
  63  6:21  Zergling x2  
  63  6:22  Zergling x2  
  35  6:41  Zergling x2  
  35  6:42  Zergling x12  
  36  6:47  Zergling x4  
  37  6:54  Spore Crawler  
  37  7:00  Spore Crawler  
  35  7:02  Zergling x2  
  35  7:03  Zergling x2  
  35  7:07  Zergling x2  
  36  7:10  Zergling x2  
  36  7:14  Zergling x2  
  37  7:21  Zergling x2  
  36  7:25  Zergling x2  
  32  7:31  Zergling x2  
  30  7:39  Zergling x2  
  30  7:40  Zergling x4  
  30  7:44  Zergling x2  
  34  7:53  Zergling x2  
  35  8:11  Hatchery  
  34  8:18  Zergling x4  
  36  8:21  Zergling x2  
  36  8:28  Baneling x4  
  36  8:32  Zergling x2  
  37  8:40  Zergling x4  
Show
View Real Time Build Order
Export as new Build Order

Pained Terran - Winner!

Build Orders: Banshee Rush 

Get SALT Encoding   

  12  0:01  SCV  
  13  0:17  Supply Depot, SCV  
  14  0:30  SCV  
  14  0:34  Refinery  
  15  0:41  Barracks  
  15  0:45  SCV  
  16  0:57  SCV  
  17  1:07  Supply Depot  
  17  1:09  SCV  
  18  1:14  Refinery  
  18  1:21  SCV  
  19  1:29  Reaper  
  20  1:35  Orbital Command  
  20  1:51  Factory  
  20  2:01  SCV  
  21  2:19  SCV  
  21  2:20  Supply Depot  
  22  2:32  Bunker  
  22  2:36  Barracks Tech Lab  
  22  2:39  Starport  
  22  2:40  Starport  
  22  2:43  Factory Tech Lab  
  22  3:27  SCV  
  22  3:30  Banshee x2  
  22  3:32  Cloaking Field  
  29  3:35  Marine  
  29  3:39  SCV  
  30  3:52  Marine  
  30  3:55  Factory Tech Lab  
  30  4:06  SCV  
  31  4:10  Marine  
  31  4:13  Banshee  
  35  4:28  Marine  
  35  4:30  Siege Tank  
  39  4:37  Supply Depot  
  39  4:58  Banshee  
  42  5:05  Siege Tank  
  45  5:08  SCV  
  46  5:14  Command Center  
  46  5:19  Supply Depot  
  46  5:23  Engineering Bay  
  46  5:32  Marine  
  47  5:40  Banshee, Widow Mine  
  52  5:49  Marine  
  53  6:07  Marine  
  53  6:10  Supply Depot  
  54  6:25  Banshee, Marine  
  52  6:45  Marine  
  46  6:53  Liberator x2  
  47  7:01  Hellion  
  47  7:02  Supply Depot  
  47  7:03  Marine  
  47  7:04  Bunker  
  47  7:06  Supply Depot  
  48  7:15  Armory  
  54  7:21  Marine  
  57  7:22  Hellion  
  57  7:35  Liberator  
  56  7:38  Orbital Command  
  57  7:45  Barracks Reactor  
  59  8:03  Orbital Command  
  59  8:13  SCV  
  60  8:22  Marine x2  
  60  8:23  Medivac  
  60  8:24  Hellion  
  60  8:25  SCV  
  67  8:31  Factory  
  67  8:38  SCV  
Tags
 
Add a new tag
Caveats
  • Supply blocks, unpowered buildings, or Contaminate may cause inaccurate times.
  • Supply counts are checked every 10 seconds.